 Dungeon Crawl Stone Soup version 0.30-a0-782-ge64f9170bb (webtiles) character file.

Game seed: 16591014112659693513

25846 M4edhros the Fencer (level 13, -9/79 HPs)
             Began as an Octopode Chaos Knight on Mar 1, 2023.
             Was a Plaything of Xom.
             Shot with a bolt by an orc warrior (14 damage)
             ... led by an orc warlord
             ... on level 1 of the Orcish Mines.
             The game lasted 00:31:33 (51893 turns).

M4edhros the Fencer (Octopode Chaos Knight)        Turns: 51893, Time: 00:31:34

Health: -9/79      AC:  3    Str: 15    XL:     13   Next: 22%
Magic:  0/14       EV: 21    Int: 28    God:    Xom [*.....]
Gold:   655        SH:  0    Dex: 23    Spells: 5/12 levels left

rFire   + + +      SeeInvis +    B - +0 triple sword
rCold   . . .      Faith    .    (shield currently unavailable)
rNeg    + . .      Spirit   +    c - amulet of guardian spirit
rPois   .          Reflect  .    a - ring of wizardry
rElec   .          Harm     .    E - +6 ring of intelligence
rCorr   .          Rampage  .    F - +6 ring of dexterity
Will    .....      Clarity  +    I - ring of protection from fire
Stlth   ++++++                   g - ring of positive energy
HPRegen 0.33/turn                R - +4 ring of slaying
MPRegen 0.14/turn                O - ring of protection from fire
                                 f - +6 ring of strength

@: no status effects
A: almost no armour, amphibious, 8 rings, camouflage 1, gelatinous body 1,
(nimble swimmer 1), tentacles, antennae 3, iridescent scales 1, agile 1,
clarity, clever 2, fire resistance 2, high MP 1, noise suppression
a: Renounce Religion


You were on level 1 of the Orcish Mines.
You worshipped Xom.
You were a special plaything of Xom.
You visited 3 branches of the dungeon, and saw 17 of its levels.

You collected 1010 gold pieces.
You spent 355 gold pieces at shops.

Inventory:

Hand Weapons
 p - a +3 great sword of chaos
 B - a +0 triple sword (weapon)
Missiles
 u - 129 stones
 P - a curare-tipped dart
Magical Staves
 x - a staff of fire
Jewellery
 a - a ring of wizardry (left tentacle)
 c - an amulet of guardian spirit (around mantle)
 f - a +6 ring of strength (on tentacle)
 g - a ring of positive energy (on tentacle)
 D - a ring of fire
 E - a +6 ring of intelligence (right tentacle)
 F - a +6 ring of dexterity (on tentacle)
 I - a ring of protection from fire (on tentacle)
 O - a ring of protection from fire (on tentacle)
 Q - a ring of positive energy
 R - a +4 ring of slaying (on tentacle)
Wands
 i - a wand of polymorph (4)
 n - a wand of iceblast (12)
 C - a wand of flame (8)
Scrolls
 j - a scroll of torment
 l - 5 scrolls of teleportation
 q - a scroll of enchant weapon
 r - a scroll of fog
 s - 3 scrolls of magic mapping
 y - 2 scrolls of noise
 G - a scroll of butterflies
 H - a scroll of vulnerability
 L - 2 scrolls of silence
 M - a scroll of amnesia
 U - 3 scrolls of identify
 W - a scroll of fear (quivered)
 Y - a scroll of acquirement {unknown}
Potions
 d - 3 potions of might
 e - a potion of flight
 k - 2 potions of magic
 z - 3 potions of mutation
 A - a potion of brilliance
 K - 2 potions of cancellation {unknown}
 N - a potion of haste
 S - 2 potions of ambrosia
 T - a potion of attraction
 X - a potion of invisibility {unknown}
Miscellaneous
 b - a piece from Xom's chessboard (15/15)


   Skills:
 - Level 8.0 Fighting
 - Level 16.0 Long Blades
 - Level 3.0 Maces & Flails
 + Level 9.6 Dodging
 * Level 9.5 Stealth
 - Level 5.0 Ice Magic
 * Level 5.0 Poison Magic


You had 5 spell levels left.
You knew the following spells:

 Your Spells              Type           Power      Damage    Failure   Level
a - Ozocubu's Armour      Ice            28%        N/A       1%          3
b - Olgreb's Toxic Radia  Pois           28%        N/A       6%          4

Your spell library contained the following spells:

 Spells                   Type           Power      Damage    Failure   Level
 Sting                    Tmut/Pois      56%        1d5       1%          1
 Poisonous Vapours        Pois/Air       28%        N/A       2%          2
 Dazzling Flash           Conj/Hex       0%         N/A       13%         3
 Iskenderun's Mystic Bla  Conj/Tloc      0%         2d3       38%         4
 Agony                    Necr           0%         N/A       73%         5
 Silence                  Hex/Air        0%         N/A       73%         5
 Starburst                Conj/Fire      0%         6d3       99%         6
 Ozocubu's Refrigeration  Ice            14%        4d10      99%         7


Dungeon Overview and Level Annotations

Branches:
Dungeon (14/15)            Temple (1/1) D:5 Zot: 98    Lair (0/5) D:11
    Orc (2/2) D:11
    Elf: Orc:2       Vaults: D:13-14

Altars:
Ashenzari
Cheibriados
Dithmenos
Elyvilon
Fedhas
Gozag
Hepliaklqana
Kikubaaqudgha
Makhleb
Nemelex Xobeh
Okawaru
Qazlal
Ru
Sif Muna
Trog
Uskayaw
Vehumet
Wu Jian
Xom
Yredelemnul
Zin
The Shining One

Shops:
D:4 ![(!([   D:11 :   Orc:2 (((!

Annotations:
D:13 Snorg


Innate Abilities, Weirdness & Mutations

You cannot wear most types of armour.
You are amphibious.
You can wear up to eight rings at the same time.
Your skin changes colour to match your surroundings (Stealth+).
Your rubbery body absorbs attacks. (AC +1, EV +1)
((You are camouflaged when in or above water. (Stealth+)))
You have tentacles for arms and can constrict up to eight enemies at once.
You have a pair of large antennae on your head. (SInv)
You are partially covered in iridescent scales. (AC +2)
You are agile. (Dex +4, Str/Int -1)
You possess an exceptional clarity of mind.
Your mind is very acute. (Int +8, Str/Dex -2)
Your flesh is very heat resistant. (rF++)
You have an increased reservoir of magic. (+10% MP)
You passively dampen the noise of your surroundings.


Message History

The orc warlord hits you with a +1 long sword!
The orc warlord attacks as you move away!
The orc warlord hits you with a +1 long sword!!
* * * LOW HITPOINT WARNING * * *
Your surroundings seem slightly different.
Xom thinks this is hilarious!
Xom rains down devastation!
The fireball engulfs the orc warrior.
The attack snaps the orc warrior out of its fear.
The orc warrior shouts!
The fireball engulfs the ogre!
The attack snaps the ogre out of its fear.
The ogre shouts!
The fireball engulfs the orc!
The orc dies!
The fireball engulfs the orc!
The orc dies!
The fireball engulfs the orc.
The attack snaps the orc out of its fear.
The orc warlord hits you with a +1 long sword!
* * * LOW HITPOINT WARNING * * *
The orc warrior shoots a bolt.
The bolt misses you.
You feel better.
The orc warlord hits you with a +1 long sword.
* * * LOW HITPOINT WARNING * * *
The orc warrior shoots a bolt.
The bolt hits you.
* * * LOW HITPOINT WARNING * * *
Unknown command.
Unknown command.
Unknown command.
Okay, then.
Okay, then.
Okay, then.
Okay, then.
As you read the scroll of fog, it crumbles to dust.
The scroll dissolves into smoke.
The orc warlord hits you with a +1 long sword!
* * * LOW HITPOINT WARNING * * *
The orc warrior shoots a bolt.
The bolt hits you!
You die...
Xom chuckles heartily!

#.##....##.######..##...#
.#..........# .##......##
##..#.#..)..###..##......#
#.......)..##....####...##
#......[....#.....#......##
###......._......#.....#....##
....#........O..#.....#.....#
##..#....o....§o#§....#..#.##
#......###.##.§@§§.......###
#....##....#§§§§.#....##
#..........§.....##...#
...#.....#.....#....#.## ....#
#...##....###...### #...
$....O..#..#....### ##..
.....o.#....#.##.## .#
#....###..###.#..### ..
##..#.....#.......##


You could see an orc warlord, an orc warrior (strong), an ogre and an orc
(strong, fleeing).

Vanquished Creatures
  Nessos (D:12)
  An ogre mage (D:12)
  A centaur warrior (D:13)
  9 two-headed ogres
  An orc knight (Orc:1)
  2 ugly things (D:13)
  An orc sorcerer (Orc:1)
  3 cyclopes
  3 gargoyles (D:12)
  An unseen horror (D:12)
  A kobold demonologist (D:11)
  2 komodo dragons
  5 trolls
  2 hornets (D:7)
  Prince Ribbit (D:6)
  4 slime creatures (D:13)
  Sigmund (D:2)
  A water elemental (D:11)
  A vampire (D:10)
  3 wraiths
  23 yaks
  Eustachio (D:6)
  5 vampire mosquitoes
  3 steam dragons
  4 wargs
  2 acid dragons (D:13)
  3 water moccasins
  A sky beast (D:8)
  9 orc warriors
  A black bear (D:6)
  2 ice beasts
  2 ogres (D:5)
  2 wolves (D:11)
  4 centaurs
  5 kobold brigands
  2 bullfrogs
  2 gnoll sergeants
  A scorpion (D:7)
  10 wights
  16 killer bees
  5 howler monkeys
  4 electric eels (D:11)
  12 hounds
  6 orc priests
  3 jellies
  A gnoll bouda (D:5)
  4 iguanas
  13 orc wizards
  2 human simulacra (D:11)
  Robin (D:3)
  9 gnolls
  8 adders
  2 white imps
  A worm (D:4)
  3 dart slugs
  39 orcs
  5 bats
  5 endoplasms
  6 giant cockroaches
  13 goblins
  14 hobgoblins
  9 jackals
  2 quokkas
  2 ball pythons
  2 frilled lizards (D:2)
  2 giant cockroach zombies (D:4)
  22 kobolds
  3 rats
340 creatures vanquished.

Vanquished Creatures (collateral kills)
  An orc warrior (D:4)
  3 kobolds (D:11)
4 creatures vanquished.

Vanquished Creatures (others)
  2 orcs (Orc:1)
2 creatures vanquished.

Grand Total: 346 creatures vanquished

Notes
Turn   | Place    | Note
-------+----------+-------------------------------------------
     0 | D:1      | M4edhros the Octopode Chaos Knight began the quest for the
                  | Orb.
     0 | D:1      | Reached XP level 1. HP: 16/16 MP: 1/1
   807 | D:1      | XOM: divination: magic mapping
   825 | D:1      | XOM: divination: detect creatures
   978 | D:1      | XOM: silly message
  1542 | D:1      | XOM: 3-stop teleportation journey
  1627 | D:1      | Reached XP level 2. HP: 15/21 MP: 2/2
  1938 | D:1      | XOM: 9-stop teleportation journey
  1996 | D:1      | XOM: divination: detect items
  2220 | D:1      | Reached XP level 3. HP: 17/27 MP: 3/3
  2872 | D:1      | XOM: god gift: amethyst potion {god gift}
  3007 | D:1      | XOM: scenery: summon butterflies
  3274 | D:1      | XOM is BORED!
  3274 | D:1      | XOM: noise
  4220 | D:1      | XOM: give mutations
  4220 | D:1      | Gained mutation: You occasionally lose the ability to drink
                  | potions when taking damage. [Xom's mischief]
  4220 | D:1      | Gained mutation: You are clumsy. (Dex -2) [Xom's mischief]
  4380 | D:1      | XOM is BORED!
  4380 | D:1      | XOM: draining
  4427 | D:1      | XOM: silly message
  4451 | D:1      | XOM: divination: detect items
  4934 | D:1      | XOM: god gift: plate armour {god gift}
  4987 | D:1      | Glimpsed the power of Zot.
  5378 | D:1      | XOM: stat loss: -1 Int (13/14)
  5414 | D:1      | XOM: god gift: scroll labelled ZUMIURRUOFU {god gift}
  5487 | D:1      | Glimpsed the power of Zot.
  5555 | D:1      | XOM: give mutations
  5555 | D:1      | Gained mutation: You are partially covered in iridescent
                  | scales. (AC +2) [Xom's mischief]
  5555 | D:1      | Gained mutation: You are dopey. (Int -2) [Xom's mischief]
  5555 | D:1      | Gained mutation: You are frail. (-10% HP) [Xom's mischief]
  5767 | D:1      | XOM: give mutations
  5767 | D:1      | Gained mutation: You sometimes lose the ability to drink
                  | potions when taking damage. [Xom's mischief]
  5767 | D:1      | Gained mutation: You expend magic power (3 MP) to
                  | strengthen your wands. [Xom's mischief]
  5767 | D:1      | Gained mutation: You are very dopey. (Int -4) [Xom's
                  | mischief]
  5887 | D:1      | XOM: noise
  5887 | D:1      | Glimpsed the power of Zot.
  5897 | D:2      | Found a sparkling altar of Nemelex Xobeh.
  6069 | D:2      | Noticed Sigmund
  6074 | D:2      | Killed Sigmund
  6075 | D:2      | Reached skill level 5 in Fighting
  6075 | D:2      | Reached XP level 4. HP: 29/31 MP: 4/4
  6075 | D:2      | Reached XP level 5. HP: 33/35 MP: 5/5
  6210 | D:2      | Reached XP level 6. HP: 35/40 MP: 6/6
  6305 | D:2      | XOM is BORED!
  6305 | D:2      | XOM: give mutations
  6305 | D:2      | Gained mutation: Your spells are a little harder to cast,
                  | but a little more powerful. [Xom's mischief]
  6305 | D:2      | Gained mutation: You occasionally shout uncontrollably at
                  | your foes. [Xom's mischief]
  6305 | D:2      | Lost mutation: You are very dopey. (Int -4) [Xom's
                  | mischief]
  6305 | D:2      | Lost mutation: You are frail. (-10% HP) [Xom's mischief]
  6348 | D:2      | XOM: torment (24/45 hp)
  6500 | D:2      | XOM: 6-stop teleportation journey
  6590 | D:2      | XOM: noise
  6893 | D:2      | XOM: summons 4 hostile demons
  6938 | D:3      | XOM: give mutation
  6938 | D:3      | Gained mutation: Your flesh is heat resistant. (rF+) [Xom's
                  | grace]
  6969 | D:2      | XOM: scenery: create altars
  7510 | D:2      | XOM: give mutations
  7510 | D:2      | Gained mutation: Your system is resistant to poisons.
                  | (rPois) [Xom's grace]
  7510 | D:2      | Gained mutation: Your spells are harder to cast, but more
                  | powerful. [Xom's grace]
  7510 | D:2      | Gained mutation: Your muscles are strong. (Str +4, Int/Dex
                  | -1) [Xom's grace]
  7510 | D:2      | Gained mutation: You are somewhat resistant to further
                  | mutation. [Xom's grace]
  7551 | D:2      | XOM: torment (26/45 hp)
  8249 | D:2      | XOM: god gift: wand of light (3)
  8371 | D:2      | XOM: give mutations
  8371 | D:2      | Gained mutation: Your natural rate of healing is unusually
                  | fast. [Xom's mischief]
  8371 | D:2      | Lost mutation: You are clumsy. (Dex -2) [Xom's mischief]
  8371 | D:2      | Lost mutation: You expend magic power (3 MP) to strengthen
                  | your wands. [Xom's mischief]
  8371 | D:2      | Lost mutation: Your muscles are strong. (Str +4, Int/Dex
                  | -1) [Xom's mischief]
  8628 | D:2      | XOM: 3-stop teleportation journey
  8778 | D:2      | XOM: summons 4 hostile shadow creatures
  8891 | D:2      | XOM: cloud trail
 10384 | D:2      | XOM: god gift: scroll labelled VOESOE GEAKIUL {god gift}
 10445 | D:2      | XOM: god gift: 32 gold pieces
 10740 | D:2      | XOM: silly message
 11342 | D:2      | XOM is BORED!
 11342 | D:2      | XOM: torment (27/45 hp)
 11599 | D:2      | XOM: cloud trail
 11784 | D:2      | XOM: give mutations
 11784 | D:2      | Lost mutation: You are somewhat resistant to further
                  | mutation. [Xom's mischief]
 11784 | D:2      | Lost mutation: Your system is resistant to poisons. (rPois)
                  | [Xom's mischief]
 11784 | D:2      | Lost mutation: You are partially covered in iridescent
                  | scales. (AC +2) [Xom's mischief]
 11920 | D:2      | XOM: god gift: wand of light (4)
 12189 | D:2      | XOM: 5-stop teleportation journey
 12391 | D:2      | XOM: noise
 12511 | D:2      | XOM: summons 1 hostile demon
 12557 | D:2      | XOM: cloud trail
 12886 | D:2      | XOM: give mutations
 12886 | D:2      | Gained mutation: You have an increased reservoir of magic.
                  | (+10% MP) [Xom's grace]
 12886 | D:2      | Gained mutation: You expend magic power (3 MP) to
                  | strengthen your wands. [Xom's grace]
 12886 | D:2      | Gained mutation: Your muscles are strong. (Str +4, Int/Dex
                  | -1) [Xom's grace]
 13228 | D:2      | XOM: noise
 13716 | D:2      | XOM: stat loss: -1 Int (11/12)
 15435 | D:2      | XOM: divination: detect items
 15687 | D:2      | XOM: give mutation
 15687 | D:2      | Gained mutation: You are partially covered in iridescent
                  | scales. (AC +2) [Xom's grace]
 15968 | D:2      | XOM is BORED!
 15977 | D:2      | XOM: god gift: +3 great sword of chaos
 16976 | D:2      | Glimpsed the power of Zot.
 16982 | D:2      | XOM is BORED!
 16982 | D:2      | XOM: give mutations
 16982 | D:2      | Lost mutation: Your spells are harder to cast, but more
                  | powerful. [Xom's mischief]
 16982 | D:2      | Lost mutation: You sometimes lose the ability to drink
                  | potions when taking damage. [Xom's mischief]
 16982 | D:2      | Gained mutation: You occasionally lose the ability to read
                  | scrolls when taking damage. [Xom's mischief]
 16982 | D:2      | Lost mutation: You expend magic power (3 MP) to strengthen
                  | your wands. [Xom's mischief]
 17091 | D:2      | XOM: cloud trail
 17328 | D:2      | XOM: give mutation
 17328 | D:2      | Lost mutation: You are dopey. (Int -2) [Xom's mischief]
 17476 | D:2      | Glimpsed the power of Zot.
 17876 | D:2      | Glimpsed the power of Zot.
 17928 | D:3      | Noticed Robin
 17951 | D:3      | Killed Robin
 17960 | D:3      | Touched by the power of Zot.
 17961 | D:3      | Glimpsed the power of Zot.
 18345 | D:3      | XOM: 2-stop teleportation journey
 18557 | D:4      | Noticed an orc warrior
 18566 | D:4      | XOM: butterfly on damage
 18644 | D:4      | Reached skill level 5 in Dodging
 18661 | D:4      | Found Buufu's Weapon Shoppe.
 18661 | D:4      | Found Xabrone's Antique Armour Boutique.
 18663 | D:4      | Found Hicsim's Antique Armour Emporium.
 18663 | D:4      | Found Koede's Antique Weapon Shop.
 18665 | D:4      | Found Noret's Distillery.
 18665 | D:4      | Found Rofriura's Distillery.
 18673 | D:4      | Reached XP level 7. HP: 43/43 MP: 7/7
 18679 | D:4      | Bought a potion of heal wounds for 55 gold pieces
 18720 | D:4      | XOM: cloud trail
 18852 | D:4      | Found a hazy altar of Hepliaklqana.
 18991 | D:4      | Found the +1 Delatra's gloves {ID++}
 19089 | D:4      | XOM: god gift: 7 stones
 19392 | D:5      | Entered Level 5 of the Dungeon
 19928 | D:4      | XOM: scenery: create altars
 20584 | D:4      | XOM: god gift: 6 stones
 20764 | D:4      | XOM: stat loss: -1 Str (14/15)
 21053 | D:4      | XOM: draining
 21087 | D:4      | XOM: summons 1 hostile shadow creature
 21385 | D:4      | XOM: give mutations
 21385 | D:4      | Lost mutation: Your muscles are strong. (Str +4, Int/Dex
                  | -1) [Xom's mischief]
 21385 | D:4      | Lost mutation: You occasionally lose the ability to drink
                  | potions when taking damage. [Xom's mischief]
 21568 | D:4      | XOM: god gift: scale mail {god gift}
 21569 | D:4      | XOM is BORED!
 21569 | D:4      | XOM: summons 2 hostile shadow creatures
 22438 | D:4      | XOM: give mutations
 22438 | D:4      | Gained mutation: You are frail. (-10% HP) [Xom's mischief]
 22438 | D:4      | Lost mutation: You are frail. (-10% HP) [Xom's mischief]
 22438 | D:4      | Lost mutation: Your natural rate of healing is unusually
                  | fast. [Xom's mischief]
 22438 | D:4      | Lost mutation: You occasionally lose the ability to read
                  | scrolls when taking damage. [Xom's mischief]
 22528 | D:4      | XOM: silly message
 22713 | D:4      | XOM: silly message
 22893 | D:4      | XOM: summons 4 hostile shadow creatures
 22924 | D:4      | XOM: give mutation
 22924 | D:4      | Gained mutation: Your mind is acute. (Int +4, Str/Dex -1)
                  | [Xom's grace]
 23140 | D:4      | XOM: give mutations
 23140 | D:4      | Gained mutation: You frequently scream uncontrollably at
                  | your foes. [Xom's mischief]
 23140 | D:4      | Lost mutation: Your mind is acute. (Int +4, Str/Dex -1)
                  | [Xom's mischief]
 23140 | D:4      | Lost mutation: You have an increased reservoir of magic.
                  | (+10% MP) [Xom's mischief]
 23377 | D:4      | XOM: scenery: summon butterflies
 23432 | D:4      | XOM: summons 2 hostile demons
 23444 | D:4      | XOM: summons 2 hostile shadow creatures
 23981 | D:4      | XOM: stat loss: -1 Dex (12/13)
 24074 | D:4      | XOM: give mutations
 24074 | D:4      | Gained mutation: Your spells are harder to cast, but more
                  | powerful. [Xom's grace]
 24074 | D:4      | Gained mutation: You are resistant to electric shocks.
                  | (rElec) [Xom's grace]
 24074 | D:4      | Gained mutation: You are agile. (Dex +4, Str/Int -1) [Xom's
                  | grace]
 24185 | D:4      | XOM: god gift: leather armour {god gift}
 24953 | D:4      | XOM: give mutations
 24953 | D:4      | Gained mutation: Your spells are much harder to cast, but
                  | much more powerful. [Xom's grace]
 24953 | D:4      | Gained mutation: You possess an exceptional clarity of
                  | mind. [Xom's grace]
 24953 | D:4      | Gained mutation: You passively dampen the noise of your
                  | surroundings. [Xom's grace]
 25251 | D:4      | XOM: divination: magic mapping
 25535 | D:4      | XOM: summons 4 hostile shadow creatures
 25856 | D:4      | XOM: give mutations
 25856 | D:4      | Gained mutation: You have a pair of small antennae on your
                  | head. [Xom's grace]
 25856 | D:4      | Gained mutation: One of your tentacles bears a spike.
                  | [Xom's grace]
 25867 | D:4      | XOM: silly message
 25882 | D:4      | XOM: cloud trail
 26670 | D:4      | XOM: cloud trail
 26735 | D:4      | XOM: god gift: scroll of fear
 27225 | D:4      | XOM is BORED!
 27541 | D:4      | XOM: stat loss: -1 Str (8/10)
 27601 | D:4      | XOM is BORED!
 28133 | D:4      | XOM: give mutations
 28133 | D:4      | Gained mutation: You are very agile. (Dex +8, Str/Int -2)
                  | [Xom's grace]
 28133 | D:4      | Gained mutation: You are somewhat resistant to further
                  | mutation. [Xom's grace]
 28133 | D:4      | Gained mutation: You expend magic power (3 MP) to
                  | strengthen your wands. [Xom's grace]
 28133 | D:4      | Gained mutation: You are strong-willed. (Will+) [Xom's
                  | grace]
 28175 | D:4      | XOM is BORED!
 28175 | D:4      | XOM: draining
 28217 | D:4      | XOM: scenery: summon butterflies
 28580 | D:4      | XOM: god gift: staff of fire
 28944 | D:4      | XOM: summons 1 hostile demon
 29885 | D:4      | Glimpsed the power of Zot.
 30080 | D:5      | Found a staircase to the Ecumenical Temple.
 30148 | D:5      | XOM: give mutation
 30148 | D:5      | Lost mutation: One of your tentacles bears a spike. [Xom's
                  | mischief]
 30334 | Temple   | Entered the Ecumenical Temple
 30892 | Temple   | XOM: summons 1 hostile demon
 31490 | Temple   | XOM: give mutations
 31490 | Temple   | Lost mutation: You are very agile. (Dex +8, Str/Int -2)
                  | [Xom's mischief]
 31490 | Temple   | Lost mutation: You are strong-willed. (Will+) [Xom's
                  | mischief]
 31490 | Temple   | Lost mutation: You are partially covered in iridescent
                  | scales. (AC +2) [Xom's mischief]
 31490 | Temple   | Lost mutation: Your spells are much harder to cast, but
                  | much more powerful. [Xom's mischief]
 31808 | Temple   | XOM: silly message
 32383 | Temple   | XOM: 4-stop teleportation journey
 33144 | Temple   | XOM is BORED!
 33144 | Temple   | XOM: give mutations
 33144 | Temple   | Lost mutation: You are somewhat resistant to further
                  | mutation. [Xom's mischief]
 33144 | Temple   | Lost mutation: Your flesh is heat resistant. (rF+) [Xom's
                  | mischief]
 33144 | Temple   | Lost mutation: You possess an exceptional clarity of mind.
                  | [Xom's mischief]
 33144 | Temple   | Lost mutation: Your spells are harder to cast, but more
                  | powerful. [Xom's mischief]
 33741 | Temple   | XOM: stat loss: -1 Dex (16/17)
 33782 | Temple   | XOM: silly message
 34124 | Temple   | XOM: summons 4 hostile demons
 34125 | Temple   | Noticed a hellwing
 34168 | D:5      | Glimpsed the power of Zot.
 34226 | D:6      | Reached XP level 8. HP: 42/51 MP: 6/8
 34709 | D:5      | XOM is BORED!
 35865 | Temple   | XOM: give mutations
 35865 | Temple   | Gained mutation: You are partially covered in iridescent
                  | scales. (AC +2) [Xom's grace]
 35865 | Temple   | Gained mutation: You are very agile. (Dex +8, Str/Int -2)
                  | [Xom's grace]
 35865 | Temple   | Gained mutation: You possess an exceptional clarity of
                  | mind. [Xom's grace]
 35865 | Temple   | Gained mutation: You are mostly covered in iridescent
                  | scales. (AC +4) [Xom's grace]
 36142 | Temple   | XOM: give mutations
 36142 | Temple   | Gained mutation: You are completely covered in iridescent
                  | scales. (AC +6) [Xom's grace]
 36142 | Temple   | Gained mutation: Your mind is acute. (Int +4, Str/Dex -1)
                  | [Xom's grace]
 36142 | Temple   | Gained mutation: Your flesh is heat resistant. (rF+) [Xom's
                  | grace]
 36272 | D:5      | XOM: draining
 36276 | D:5      | XOM: give mutations
 36276 | D:5      | Lost mutation: You are completely covered in iridescent
                  | scales. (AC +6) [Xom's mischief]
 36276 | D:5      | Lost mutation: Your flesh is heat resistant. (rF+) [Xom's
                  | mischief]
 36276 | D:5      | Gained mutation: You occasionally lose the ability to read
                  | scrolls when taking damage. [Xom's mischief]
 36429 | D:5      | Reached skill level 1 in Long Blades
 36516 | Temple   | Glimpsed the power of Zot.
 36729 | Temple   | XOM: 1-stop teleportation journey
 36935 | Temple   | XOM: god gift: triple sword {god gift}
 37016 | Temple   | Glimpsed the power of Zot.
 37416 | Temple   | Glimpsed the power of Zot.
 37542 | D:6      | XOM: smoke on damage
 37547 | D:6      | Reached skill level 2 in Long Blades
 37560 | D:6      | XOM: polymorph gnoll -> orc
 37918 | D:6      | Reached skill level 3 in Long Blades
 37946 | D:6      | Noticed Eustachio
 37954 | D:6      | Killed Eustachio
 37955 | D:6      | Reached skill level 4 in Long Blades
 37955 | D:6      | Reached XP level 9. HP: 57/57 MP: 9/9
 37975 | D:6      | Noticed Prince Ribbit
 37980 | D:6      | Killed Prince Ribbit
 37981 | D:6      | Reached skill level 5 in Long Blades
 38110 | D:6      | XOM: give mutations
 38110 | D:6      | Gained mutation: Your mind is very acute. (Int +8, Str/Dex
                  | -2) [Xom's grace]
 38110 | D:6      | Gained mutation: You have a pair of antennae on your head.
                  | [Xom's grace]
 38328 | D:7      | Reached skill level 6 in Long Blades
 38443 | D:7      | XOM: enchant monster (bad)
 38446 | D:7      | Reached skill level 7 in Long Blades
 38675 | D:6      | XOM: god gift: wand of iceblast (4)
 39399 | D:7      | Reached skill level 8 in Long Blades
 39441 | D:7      | Noticed a hornet
 39447 | D:7      | Killed a hornet
 39448 | D:7      | Reached XP level 10. HP: 40/63 MP: 6/10
 39615 | D:7      | Reached skill level 9 in Long Blades
 39814 | D:7      | Learned a level 3 spell: Ozocubu's Armour
 39990 | D:7      | XOM: give mutations
 39990 | D:7      | Lost mutation: Your spells are a little harder to cast, but
                  | a little more powerful. [Xom's mischief]
 39990 | D:7      | Lost mutation: You are mostly covered in iridescent scales.
                  | (AC +4) [Xom's mischief]
 39990 | D:7      | Gained mutation: You are frail. (-10% HP) [Xom's mischief]
 39990 | D:7      | Lost mutation: You frequently scream uncontrollably at your
                  | foes. [Xom's mischief]
 40090 | D:8      | XOM: 1-stop teleportation journey
 40131 | D:8      | XOM: scenery: summon butterflies
 40248 | D:8      | XOM is BORED!
 40507 | D:9      | XOM: noise
 40511 | D:9      | XOM: potion effect (brilliance)
 40513 | D:9      | XOM: potion effect (berserk rage)
 40518 | D:9      | Reached skill level 1 in Ice Magic
 40519 | D:9      | Reached skill level 10 in Long Blades
 40609 | D:9      | Noticed a two-headed ogre
 40613 | D:9      | XOM: blink monster(s)
 40818 | D:9      | Reached skill level 1 in Stealth
 40830 | D:9      | XOM: destruction
 40900 | D:9      | Reached skill level 11 in Long Blades
 40974 | D:9      | XOM: confuse monster(s)
 41115 | D:9      | XOM: god gift: falchion {god gift}
 41171 | D:9      | Found an ornate altar of the Wu Jian Council.
 41173 | D:9      | Found a glowing golden altar of the Shining One.
 41174 | D:9      | Found a sacrificial altar of Ru.
 41175 | D:9      | Found a burning altar of Makhleb.
 41175 | D:9      | Found an opulent altar of Gozag.
 41175 | D:9      | Found a radiant altar of Vehumet.
 41176 | D:9      | Found a broken altar of Ashenzari.
 41177 | D:9      | Found an ancient bone altar of Kikubaaqudgha.
 41177 | D:9      | Found a snail-covered altar of Cheibriados.
 41178 | D:9      | Found a glowing silver altar of Zin.
 41181 | D:9      | Reached XP level 11. HP: 61/61 MP: 11/11
 41182 | D:9      | Found a bloodstained altar of Trog.
 41182 | D:9      | Found a shadowy altar of Dithmenos.
 41183 | D:9      | Found a white marble altar of Elyvilon.
 41192 | D:9      | XOM: 2-stop teleportation journey
 41420 | D:9      | XOM: summons friendly shadow imp
 41421 | D:9      | XOM: potion effect (invisibility)
 41427 | D:9      | Killed a two-headed ogre
 41428 | D:9      | Reached skill level 12 in Long Blades
 41925 | D:10     | Entered Level 10 of the Dungeon
 42034 | D:10     | XOM is BORED!
 42034 | D:10     | XOM: 5-stop teleportation journey
 42572 | D:10     | XOM: 8-stop teleportation journey
 43125 | D:11     | XOM: 1-stop teleportation journey
 43303 | D:11     | Reached skill level 5 in Stealth
 43321 | D:11     | XOM: give mutations
 43321 | D:11     | Gained mutation: Your flesh is cold resistant. (rC+) [Xom's
                  | grace]
 43321 | D:11     | Lost mutation: You are frail. (-10% HP) [Xom's grace]
 43321 | D:11     | Gained mutation: You have an increased reservoir of magic.
                  | (+10% MP) [Xom's grace]
 43433 | D:11     | Found a staircase to the Lair.
 43435 | D:11     | XOM: swap monsters
 43636 | D:11     | XOM: summons 5 friendly demons
 43767 | D:11     | XOM: divination: magic mapping
 43839 | D:11     | Found Xoogguz's Book Boutique.
 43842 | D:11     | Bought a Young Poisoner's Handbook for 300 gold pieces
 43847 | D:11     | Learned a level 4 spell: Olgreb's Toxic Radiance
 43904 | D:11     | XOM: stat loss: -1 Str (7/8)
 43922 | D:11     | XOM: give mutations
 43922 | D:11     | Lost mutation: You occasionally lose the ability to read
                  | scrolls when taking damage. [Xom's mischief]
 43922 | D:11     | Lost mutation: You are partially covered in iridescent
                  | scales. (AC +2) [Xom's mischief]
 43922 | D:11     | Lost mutation: You occasionally shout uncontrollably at
                  | your foes. [Xom's mischief]
 43922 | D:11     | Lost mutation: Your flesh is cold resistant. (rC+) [Xom's
                  | mischief]
 43963 | D:11     | You fall into a shaft and drop 3 floors!
 43997 | D:13     | XOM: enchant monster (bad)
 44000 | D:13     | Reached skill level 13 in Long Blades
 44128 | D:13     | Noticed a centaur warrior
 44136 | D:13     | Killed a centaur warrior
 44264 | D:13     | Noticed a purple ugly thing
 44267 | D:13     | XOM: god gift: ring mail {god gift}
 44290 | D:12     | Noticed Nessos
 44296 | D:12     | XOM: fake destruction
 44307 | D:12     | Killed Nessos
 44308 | D:12     | Reached skill level 1 in Poison Magic
 44424 | D:12     | Noticed a two-headed ogre
 44574 | D:11     | Found a staircase to the Orcish Mines.
 44605 | D:11     | XOM: enchant monster (good)
 44772 | D:11     | Noticed a two-headed ogre
 44779 | D:11     | Killed a two-headed ogre
 44780 | D:11     | Reached XP level 12. HP: 73/73 MP: 13/13
 45062 | D:11     | XOM: summons 1 hostile demon
 45213 | D:12     | Noticed a two-headed ogre
 45214 | D:12     | Noticed a two-headed ogre
 45214 | D:12     | Noticed a two-headed ogre
 45237 | D:11     | XOM: god gift: golden ring {god gift}
 45361 | D:12     | XOM: god gift: 12 gold pieces
 45370 | D:12     | Reached skill level 14 in Long Blades
 45488 | D:12     | XOM: summons 9 friendly demons
 45493 | D:12     | Killed a two-headed ogre
 45724 | D:12     | XOM: silly message
 46100 | D:12     | Noticed an ogre mage
 46107 | D:12     | Noticed a two-headed ogre
 46112 | D:12     | Killed an ogre mage
 46115 | D:12     | Killed a two-headed ogre
 46115 | D:12     | XOM: potion effect (magic)
 46118 | D:12     | XOM: noise
 46119 | D:12     | Killed a two-headed ogre
 46120 | D:12     | XOM: divination: detect items
 46124 | D:12     | Killed a two-headed ogre
 46127 | D:12     | Killed a two-headed ogre
 46128 | D:12     | Reached skill level 15 in Long Blades
 46291 | D:12     | Reached skill level 5 in Ice Magic
 46357 | D:12     | Noticed a two-headed ogre
 46357 | D:12     | Noticed a two-headed ogre
 46365 | D:12     | Killed a two-headed ogre
 46367 | D:12     | XOM: smoke on damage
 46368 | D:12     | Killed a two-headed ogre
 46890 | D:12     | XOM: 4-stop teleportation journey
 47370 | D:12     | XOM: cloud trail
 48009 | D:12     | XOM: give mutations
 48009 | D:12     | Gained mutation: Your flesh is heat resistant. (rF+) [Xom's
                  | grace]
 48009 | D:12     | Gained mutation: You have a pair of large antennae on your
                  | head. (SInv) [Xom's grace]
 48009 | D:12     | Gained mutation: You are partially covered in iridescent
                  | scales. (AC +2) [Xom's grace]
 48009 | D:12     | Gained mutation: Your flesh is very heat resistant. (rF++)
                  | [Xom's grace]
 48047 | D:12     | XOM: scenery: create altars
 48136 | D:12     | XOM: give mutations
 48136 | D:12     | Lost mutation: You are very agile. (Dex +8, Str/Int -2)
                  | [Xom's mischief]
 48136 | D:12     | Lost mutation: You are resistant to electric shocks.
                  | (rElec) [Xom's mischief]
 48136 | D:12     | Lost mutation: You expend magic power (3 MP) to strengthen
                  | your wands. [Xom's mischief]
 48606 | D:12     | XOM: god gift: wand of polymorph (4)
 49053 | D:12     | XOM: give mutation
 49053 | D:12     | Gained mutation: Your spells are a little harder to cast,
                  | but a little more powerful. [Xom's grace]
 49203 | D:12     | XOM: noise
 49208 | D:13     | XOM: smoke on damage
 49210 | D:13     | XOM: smoke on damage
 49745 | D:13     | Noticed Snorg
 49861 | D:13     | XOM: summons 3 hostile shadow creatures
 49862 | D:13     | Noticed a tengu warrior
 49937 | D:13     | XOM: torment (16/73 hp)
 50214 | D:13     | Reached XP level 13. HP: 52/79 MP: 8/14
 50220 | D:13     | XOM: cleaving
 50633 | D:13     | XOM: give mutation
 50633 | D:13     | Lost mutation: Your spells are a little harder to cast, but
                  | a little more powerful. [Xom's mischief]
 51192 | Orc:1    | Entered Level 1 of the Orcish Mines
 51223 | Orc:1    | Found a shimmering altar of Xom.
 51232 | Orc:1    | Noticed an orc warlord
 51362 | Orc:1    | XOM: stat loss: -1 Str (14/15)
 51549 | Orc:1    | Reached skill level 16 in Long Blades
 51609 | Orc:1    | XOM: 3-stop teleportation journey
 51681 | Orc:2    | Entered Level 2 of the Orcish Mines
 51698 | Orc:2    | Found Ygoif's Distillery.
 51698 | Orc:2    | Found Boixkee's Weapon Boutique.
 51698 | Orc:2    | Found Ikyink's Weapon Emporium.
 51698 | Orc:2    | Found Ukhofiz's Weapon Boutique.
 51698 | Orc:2    | XOM: 4-stop teleportation journey
 51888 | Orc:1    | Reached skill level 5 in Poison Magic
 51891 | Orc:1    | XOM: destruction
 51893 | Orc:1    | Shot with a bolt by an orc warrior

Illustrated notes

Levels and vault maps discovered:
D:1:      dpeg_arrival_concentric_ovals, layout_basic, grunt_decor_arrowhead
D:2:      layout_loops_ring, basic_altar, minmay_misc_feat_tiny,
          chequers_serial_rivers_small_3, uniq_sigmund
D:3:      layout_rooms, hangedman_abyss_or_decor_lesser_grid, uniq_robin
D:4:      layout_loops_ring, mainiacjoe_overflow_boulevard,
          hangedman_abyss_or_decor_slice, grunt_ministairs_2,
          hangedman_decor_opposing, kennysheep_small_spiral,
          nicolae_wooded_promenade, amcnicky_mini_pool_small,
          pf_guarded_unrand_delatra
D:5:      minmay_chambers_of_threes, layout_layer_cave,
          minmay_temple_entry_sparse_star, hex_medium
D:6:      layout_basic, uniq_prince_ribbit1, uniq_eustachio
D:7:      layout_gridville, abandoned_shop
D:8:      layout_rooms, kennysheep_generic_room_10
D:9:      layout_small_grid, nicolae_overflows_in_rows
D:10:     layout_stronghold, nicolae_benzene_ring
D:11:     layout_roguey, erik_lair_island, david_orc_1_choice, serial_shops,
          kennysheep_mini, bh_circular_ruins
D:12:     layout_basic, kennysheep_generic_room_7, uniq_nessos
D:13:     layout_basic, uniq_snorg
D:14:     lemuel_flame_loot_2, layout_small_grid,
          lightli_vaults_fourway_checkpoint, kennysheep_treasure_room
Temple:   hellmonk_temple_flake
Orc:1:    layout_diamond_mine, basic_altar
Orc:2:    grunt_orc_tribal_feast, layout_caves, gammafunk_ghost_cemetery

Skill      XL: |  1  2  3  4  5  6  7  8  9 10 11 12 13 |
---------------+----------------------------------------+-----
Dodging        | 4 5 6 7 8 9 |  9.6
Fighting       | 5 6 7 8 |  8.0
Long Blades    | 4 8 11 13 15 16 | 16.0
Ice Magic      | 2 4 5 |  5.0
Stealth        | 2 6 8 9 |  9.5
Poison Magic   | 2 4 5 |  5.0
Maces & Flails | |  3.0

Action                     |  1- 3 |  4- 6 |  7- 9 | 10-12 | 13-15 || total
---------------------------+-------+-------+-------+-------+-------++-------
  Melee: Mace              |    68 |    29 |       |       |       ||    97
         Tentacles         |    13 |    17 |    36 |    88 |    19 ||   173
         Constrict         |    18 |    27 |    36 |    50 |    14 ||   145
         Punch             |     1 |     1 |     2 |     5 |       ||     9
         Great sword       |       |    85 |   136 |       |       ||   221
         Kick              |       |       |     5 |       |       ||     5
         Triple sword      |       |       |    26 |   367 |    75 ||   468
  Evoke: Wand              |       |     2 |     4 |    13 |       ||    19
         Piece from Xom's  |       |       |     4 |     3 |       ||     7
    Use: Scroll            |     1 |     1 |    10 |    14 |     6 ||    32
         Potion            |     1 |       |       |     7 |     1 ||     9
   Stab: Sleeping          |     5 |     6 |     2 |    20 |     8 ||    41
         Confused          |       |       |       |     1 |       ||     1
         Distracted        |       |       |       |     4 |       ||     4
         Paralysed         |       |       |       |     1 |       ||     1
 Armour: Skin              |    12 |    22 |    30 |    22 |     4 ||    90
  Dodge: Dodged            |    55 |   108 |   180 |   491 |    69 ||   903

Table legend: (Time is in decaauts)
 A = Elapsed time spent in this place.
 B = Non-inter-level travel time spent in this place.
 C = Inter-level travel time spent in this place.
 D = Time resting spent in this place.
 E = Time spent auto-exploring this place.
 F = Levels seen in this place.
 G = Mean time per level.
                   A        B        C        D        E       F      G
               +--------+--------+--------+--------+--------+-----+--------+
         Total |  52156 |  50963 |   1193 |  36044 |  12244 |  17 | 3068.0 |
       Dungeon |  45553 |  44379 |   1174 |  30183 |  11648 |  14 | 3253.8 |
        Temple |   5901 |   5887 |     14 |   5738 |    130 |   1 | 5901.0 |
  Orcish Mines |    701 |    697 |      4 |    123 |    466 |   2 |  350.5 |
               +--------+--------+--------+--------+--------+-----+--------+

Top non-repeatable levels by time:
     D:2: 11953 daAuts
     D:4: 11379 daAuts
  Temple: 5901 daAuts
     D:1: 5901 daAuts
    D:12: 4105 daAuts
    D:13: 2252 daAuts
     D:5: 1842 daAuts
    D:11: 1790 daAuts
     D:6: 1356 daAuts
     D:9: 1298 daAuts
     D:7: 1296 daAuts
    D:10: 1143 daAuts
   Orc:1: 675 daAuts
     D:3: 625 daAuts
     D:8: 602 daAuts
